 Dungeon Crawl Stone Soup version bcrawl-1.41.1 (webtiles) character file.

Game seed: 14243741600291234227

234621 Mitsu the Chopper (level 5, -6/47 HPs)
             Began as a Minotaur Fighter on Apr 22, 2024.
             Mangled by Prince Ribbit (14 damage)
             ... on level 5 of the Dungeon.
             The game lasted 00:02:12 (1736 turns).

Mitsu the Chopper (Minotaur Fighter)                Turns: 1736, Time: 00:02:13

Health: -6/47      AC:  7    Str: 21    XL:     5   Next: 92%
Magic:  4/4        EV:  6    Int:  5    God:
Gold:   230        SH:  9    Dex: 10    Spells: 4/4 levels left

rFire    . . .     GDR:     27% a - +0 war axe
rCold    . . .     SeeInvis .   c - +0 medium shield
rNeg     . . .     Gourm    .   b - +0 scale mail
rPois    .         Faith    .   (helmet restricted)
rElec    .         Spirit   .   (no cloak)
rCorr    .         Reflect  .   (no gloves)
MR       .....                  (no boots)
Stlth    ..........             (no amulet)
HPRegen  0.17/turn              (no ring)
MPRegen  0.09/turn              (no ring)

@: no status effects
A: retaliatory headbutt, horns 2
a: no special abilities


You were on level 5 of the Dungeon.
You were near starving.

You visited 1 branch of the dungeon, and saw 5 of its levels.

You collected 230 gold pieces.

Inventory:

Hand Weapons
 a - a +0 war axe (weapon)
Missiles
 m - a throwing net {=f}
Armour
 b - a +0 scale mail (worn)
 c - a +0 medium shield (worn)
 f - a +0 pair of boots
Wands
 o - a wand of scattershot (8)
Scrolls
 h - a scroll of amnesia {unknown}
 i - 5 scrolls of identify
 j - a scroll of remove curse {unknown}
 k - a scroll of fear {unknown}
 n - a scroll of enchant weapon {unknown}
Potions
 d - 2 potions of might
 g - a potion of lignification {unknown}
 l - a potion of berserk rage {unknown}
Comestibles
 e - 3 rations {!d}


   Skills:
 + Level 4.4 Fighting
 + Level 5.4 Axes
 + Level 4.9 Armour
 + Level 1.0 Dodging
 + Level 4.3 Shields


You had 4 spell levels left.
You didn't know any spells.
Your spell library was empty.

Dungeon Overview and Level Annotations

Branches:
Dungeon (5/12)
 Temple: D:4-7

Altars:
Cheibriados
Sif Muna
Uskayaw

Annotations:
D:5 Prince Ribbit


Innate Abilities, Weirdness & Mutations

You reflexively headbutt those who attack you in melee.
You have a pair of horns on your head.


Message History

You are too injured to fight recklessly!
You are too injured to fight recklessly!
You are too injured to fight recklessly!
You are too injured to fight recklessly!
You are too injured to fight recklessly!
You are too injured to fight recklessly!
You are too injured to fight recklessly!
You closely miss Prince Ribbit. Your headbutt misses Prince Ribbit.
Prince Ribbit is moderately wounded.
Prince Ribbit hits you. x2
You miss Prince Ribbit.
Prince Ribbit is moderately wounded.
Prince Ribbit hits you!
* * * LOW HITPOINT WARNING * * *
An iguana comes into view.
Prince Ribbit hits you but does no damage.
You slash Prince Ribbit!
Prince Ribbit is heavily wounded.
You block Prince Ribbit's attack. Prince Ribbit hits you!
You die...

#.##. ##>#.#
#####.l#.###
#..........#
#........#.#
#........#.#####
#.....)..#.#..?#
#...F....#.##..#
#...@..).).....####
#......).##.......#
#........########.#
#........# ####.#
########## #....#
#.#### ###### #.#
#....# #.# ##.##.#
#.#


You could see Prince Ribbit and an iguana.

Vanquished Creatures
  Menkaure (D:5)
  An orc wizard (D:5)
  A worker ant (D:5)
  An ooze (D:1)
  2 adder skeletons (D:5)
  3 worms
  A dart slug (D:2)
  3 leopard geckos
  7 orcs
  A ball python (D:3)
  3 giant cockroaches
  2 goblins
  9 hobgoblins
  3 bats
  6 kobolds
  6 rats
50 creatures vanquished.

Notes
Turn   | Place    | Note
-------+----------+-------------------------------------------
     0 | D:1      | Mitsu the Minotaur Fighter began the quest for the Orb.
     0 | D:1      | Reached XP level 1. HP: 19/19 MP: 0/0
   369 | D:1      | Reached XP level 2. HP: 25/27 MP: 1/1
   456 | D:1      | Reached skill level 3 in Axes
   682 | D:2      | Reached XP level 3. HP: 27/33 MP: 2/2
   801 | D:2      | Noticed a +0 short sword
   801 | D:2      | Noticed a +0 spear
   802 | D:2      | Noticed a +0 short sword
   802 | D:2      | Noticed a +0 dagger
   802 | D:2      | Noticed a +0 falchion
   803 | D:2      | Noticed a +0 dagger
   803 | D:2      | Noticed a +0 spear
   804 | D:2      | Noticed a +0 falchion
   814 | D:2      | Found a hide-covered altar of Uskayaw.
  1253 | D:4      | Found a snail-covered altar of Cheibriados.
  1264 | D:4      | Found a shimmering blue altar of Sif Muna.
  1270 | D:4      | Noticed a phantom
  1439 | D:5      | Entered Level 5 of the Dungeon
  1536 | D:5      | Noticed Menkaure
  1542 | D:5      | Killed Menkaure
  1543 | D:5      | Reached skill level 4 in Axes
  1543 | D:5      | Reached skill level 1 in Dodging
  1543 | D:5      | Reached XP level 4. HP: 23/41 MP: 3/3
  1543 | D:5      | Reached XP level 5. HP: 26/47 MP: 4/4
  1615 | D:5      | Reached skill level 5 in Axes
  1729 | D:5      | Noticed Prince Ribbit
  1736 | D:5      | Mangled by Prince Ribbit

Skill      XL: |  1  2  3  4  5 |
---------------+----------------+-----
Fighting       | 4 |  4.4
Axes           | 3 4 5 |  5.4
Shields        | 4 |  4.3
Armour         | 4 |  4.9
Dodging        | 1 |  1.0

Action                   |  1- 3 |  4- 6 || total
-------------------------+-------+-------++-------
Melee: War axe           |   106 |    28 ||   134
       Headbutt          |    11 |     4 ||    15
  Eat: Chunk             |     4 |     1 ||     5
Armor: Scale mail        |    47 |    12 ||    59
Dodge: Dodged            |    24 |     7 ||    31
Block: Medium shield     |    47 |    11 ||    58
